 Dungeon Crawl Stone Soup version 0.29.1-15-g9cfb28693d (webtiles) character file.

Game seed: 18350417863516744799

56 booth the Chopper (level 3, -4/28 HPs)
             Began as a Demonspawn Gladiator on Mar 13, 2023.
             Was a Believer of Qazlal.
             Succumbed to a goblin's poison
             ... on level 2 of the Dungeon.
             The game lasted 00:09:19 (2030 turns).

booth the Chopper (Demonspawn Gladiator)            Turns: 2030, Time: 00:09:20

Health: -4/28      AC:  4    Str: 16    XL:     3   Next: 71%
Magic:  3/3        EV: 12    Int:  9    God:    Qazlal [**....]
Gold:   34         SH:  2    Dex: 14    Spells: 2/2 levels left

rFire   . . .      SeeInvis .   a - +0 war axe
rCold   . . .      Faith    .   (no shield)
rNeg    . . .      Spirit   .   b - +1 leather armour
rPois   .          Reflect  .   (helmet restricted)
rElec   .          Harm     .   (no cloak)
rCorr   .          Rampage  .   (no gloves)
Will    .....                   (no boots)
Stlth   +.........              (no amulet)
HPRegen 0.09/turn               (no ring)
MPRegen 0.08/turn               (no ring)

@: lethally poisoned (-4 -> -21)
A: antennae 1, ignite blood 1
a: Renounce Religion, Upheaval


You were on level 2 of the Dungeon.
You worshipped Qazlal.
Qazlal was pleased with you.
You visited 1 branch of the dungeon, and saw 2 of its levels.

You collected 34 gold pieces.

Inventory:

Hand Weapons
 a - a +0 war axe (weapon)
 f - a +0 mace
Missiles
 d - 3 throwing nets (quivered)
 e - a javelin
Armour
 b - a +1 leather armour (worn)
 i - a +0 kite shield
Scrolls
 c - a scroll of identify


   Skills:
 + Level 2.5 Fighting
 * Level 3.4 Axes
 + Level 2.2 Throwing
 + Level 3.0 Dodging


You had 2 spell levels left.
You didn't know any spells.
Your spell library contained the following spells:

 Spells                   Type           Power      Damage    Failure   Level
 Freeze                   Ice            0%         1d3       45%         1
 Frozen Ramparts          Ice            0%         1d1       83%         3
 Hailstorm                Conj/Ice       0%         3d3       99%         4
 Malign Gateway           Summ/Tloc      0%         N/A       100%        7
 Summon Horrible Things   Summ           0%         N/A       100%        8


Dungeon Overview and Level Annotations

Branches:
Dungeon (2/15)

Altars:
Makhleb
Qazlal

Shops:
D:1 *

Annotations:
D:2 Robin


Innate Abilities, Weirdness & Mutations

You have a pair of small antennae on your head.
Your demonic aura sometimes causes spilled blood to erupt in flames.


Message History

The hobgoblin hits you.
* * * LOW HITPOINT WARNING * * *
You slash the hobgoblin!
You kill the hobgoblin!
Qazlal accepts your kill.
You barely miss the goblin. The goblin closely misses you.
You barely miss the goblin. The goblin closely misses you. x2
As you read the scroll labelled QIULUI ILICHOA, it crumbles to dust.
It is a scroll of enchant armour.
Your +0 leather armour glows green for a moment.
The goblin barely misses you.
You hit the goblin.
You kill the goblin!
Qazlal accepts your kill.
You start resting.
You feel less attractive to monsters.
You start resting.
A goblin is nearby!
A goblin is nearby!
You feel a little less clever now.
You closely miss the goblin. The goblin hits you but does no damage.
You slash the goblin!
You kill the goblin!
Qazlal accepts your kill.
You see here a +0 morningstar.
You closely miss the goblin.
The goblin hits you with a +2 dagger of venom.
* * * LOW HITPOINT WARNING * * *
You are lethally poisoned!
You closely miss the goblin.
* * * LOW HITPOINT WARNING * * *
You feel very sick. The goblin misses you.
You barely miss the goblin.
* * * LOW HITPOINT WARNING * * *
You feel sick. The goblin hits you but does no damage.
You are more poisoned.
The goblin misses you.
You closely miss the goblin.
You die...

#.........#.# #.........#.#
#....:....#.. #.........###
#.........# #.........###
#.##.#....##.
g################# #.
#.#....##. gw.wg##.)......g@#
. ##.#######.
####)##))........# .
#..#######'
#.##.............###.##.......
#..).####...#.#####...........
####.# #.#.#.# #...##.......
#.# #.#.#.# #..#######...
#.####.#.#.####..#######.##
#...##.#.#...............##
###..#.#.#..##.#.##########


You could see a goblin.

Vanquished Creatures
  A gnoll (D:1)
  2 dart slugs
  3 bats (D:2)
  4 giant cockroaches
  11 goblins
  A hobgoblin (D:2)
  4 kobolds
  A quokka (D:2)
  9 ball pythons
  3 frilled lizards (D:2)
  A rat (D:1)
40 creatures vanquished.

Notes
Turn   | Place    | Note
-------+----------+-------------------------------------------
     0 | D:1      | booth the Demonspawn Gladiator began the quest for the Orb.
     0 | D:1      | Reached XP level 1. HP: 16/16 MP: 1/1
   257 | D:1      | Gained mutation: You have a pair of small antennae on your
                  | head. [demonic ancestry]
   257 | D:1      | Reached XP level 2. HP: 19/22 MP: 2/2
   341 | D:1      | Found a faded altar of an unknown god.
   353 | D:1      | Prayed at the altar of an unknown god.
   353 | D:1      | Became a worshipper of Qazlal Stormbringer
   353 | D:1      | Reached * piety under Qazlal
   838 | D:1      | Found Atato Vitics's General Store.
   843 | D:1      | Gained mutation: Your demonic aura sometimes causes spilled
                  | blood to erupt in flames. [demonic ancestry]
   843 | D:1      | Reached XP level 3. HP: 20/28 MP: 3/3
  1653 | D:2      | Found a burning altar of Makhleb.
  1930 | D:2      | Identified the +0 helmet of Sloth {rCorr Slay+3}
  1930 | D:2      | Noticed Robin
  1935 | D:2      | Reached ** piety under Qazlal
  2029 | D:2      | HP: 1/28 [poisoned by a goblin]
  2030 | D:2      | Succumbed to a goblin's poison

Illustrated notes

Levels and vault maps discovered:
D:1:      dpeg_arrival_windows_large_door, layout_loops_ring,
          hellmonk_ecumenical_altar_pennies_from_heaven, serial_shops, shop,
          minmay_hexomino_p4
D:2:      layout_basic, basic_altar, uniq_robin

Skill      XL: |  1  2  3 |
---------------+----------+-----
Axes           | 3 |  3.4
Throwing       | 2 |  2.2
Dodging        | 3 |  3.0
Fighting       | |  2.5

Action                   || total
-------------------------++-------
Melee: War axe           ||   105
  Use: Scroll            ||     4
       Potion            ||     2
Armor: Leather armour    ||    41
Dodge: Dodged            ||    94
Block: Other             ||     6
